 Dungeon Crawl Stone Soup version 0.21.0-3-g78d12a8 (console) character file.

39 removed the Insei (level 3, -1/26 HPs)
             Began as a Barachi Transmuter on Jan 17, 2018.
             Slain by a hobgoblin
             ... wielding a +0 club
              (4 damage)
             ... on level 2 of the Dungeon.
             The game lasted 00:01:18 (1426 turns).

removed the Insei (Barachi Transmuter)              Turns: 1426, Time: 00:01:19

Health: -1/26      AC:  3    Str: 12    XL:     3   Next: 47%
Magic:  6/6        EV: 12    Int: 13    God:
Gold:   144        SH:  0    Dex: 12    Spells: 5/6 levels left

rFire    . . .     SeeInvis .     - Unarmed
rCold    . . .     Gourm    .   (no shield)
rNeg     . . .     Faith    .   b - +0 robe
rPois    .         Spirit   .   e - +0 helmet
rElec    .         Reflect  .   (no cloak)
rCorr    .         Harm     .   (no gloves)
MR       .....                  (no boots)
Stlth    +.........             (no amulet)
HPRegen  0.08/turn              i - ring of flight
MPRegen  0.10/turn              (no ring)

@: lethally poisoned (-1 -> -4), slow
A: +LOS, swims, slowness 1, strong legs 1
a: Hop, Evoke Flight


You were on level 2 of the Dungeon.
You were not hungry.

You visited 1 branch of the dungeon, and saw 2 of its levels.

You collected 144 gold pieces.

Inventory:

Missiles
 a - 36 arrows
Armour
 b - a +0 robe (worn)
 e - a +0 helmet (worn)
Jewellery
 i - a ring of flight (left hand)
Scrolls
 o - a scroll of identify {unknown}
Potions
 g - a potion of curing {unknown}
 k - a potion of mutation {unknown}
 l - a potion of ambrosia {unknown}
 m - a potion of berserk rage {unknown}
 p - a potion of magic {unknown}
Books
 c - a book of Changes

   Spells                             Type                      Level
   a - Beastly Appendage              Transmutation                1
   b - Sticks to Snakes               Transmutation                2
   c - Spider Form                    Transmutation/Poison         3
   d - Ice Form                       Ice/Transmutation            4
   e - Blade Hands                    Transmutation                5
Comestibles
 d - 6 rations
 n - 2 chunks of flesh


   Skills:
 - Level 1.2 Fighting
 - Level 2.1 Dodging
 + Level 4.9 Unarmed Combat
 - Level 2.1 Spellcasting
 - Level 2.1 Transmutations


You had 5 spell levels left.
You knew the following spells:

 Your Spells              Type           Power        Failure   Level  Hunger
a - Beastly Appendage     Tmut           #.....       10%         1    ##.....


Dungeon Overview and Level Annotations

Branches:
Dungeon (2/15)

Altars:
Nemelex Xobeh


Innate Abilities, Weirdness & Mutations

Shadows flee at your approach. (+LOS)
You can swim through water.
You cover ground slowly.
You can hop short distances.


Message History

You hit the adder but do no damage.
The adder is severely wounded.
* * * LOW HITPOINT WARNING * * *
You feel sick. The adder bites you but does no damage.
You miss the adder.
The adder is severely wounded.
The adder barely misses you. The hobgoblin closely misses you.
The adder barely misses you.
You are too injured to fight recklessly!
You punch the adder!
You kill the adder!
The hobgoblin misses you.
You are too injured to fight recklessly!
You see here an adder corpse.
* * * LOW HITPOINT WARNING * * *
You feel sick.
You are too injured to fight recklessly!
You are too injured to fight recklessly!
You barely miss the hobgoblin. The hobgoblin hits you with a club.
You die...

#.......... #.....)#
#.......... #..###
#......... #.####..#..
#......... #...)..<#.#
#......... #####.#.#.#
.........##########...#.#
.........#...^........#.#
.........#............'.#
........@#............###
........g#............)..
.........#..........###+#
....................#
.........#########..#
.........# #..+
.........( #..#
........#. ##.# #######.
_


You could see a hobgoblin.

Vanquished Creatures
  An adder (D:2)
  An ooze (D:1)
  4 bats (D:1)
  5 goblins
  3 hobgoblins
  A quokka (D:2)
  4 frilled lizards (D:1)
  4 kobolds (D:1)
  4 rats
  A fungus (D:1)
28 creatures vanquished.

Notes
Turn   | Place    | Note
-------+----------+-------------------------------------------
     0 | D:1      | removed the Barachi Transmuter began the quest for the Orb.
     0 | D:1      | Reached XP level 1. HP: 15/15 MP: 3/3
    96 | D:1      | Reached XP level 2. HP: 21/21 MP: 5/5
   129 | D:1      | Reached skill level 4 in Unarmed Combat
   798 | D:1      | Reached XP level 3. HP: 26/26 MP: 6/6
  1416 | D:2      | Found a sparkling altar of Nemelex Xobeh.
  1426 | D:2      | Slain by a hobgoblin

Skill      XL: |  1  2 |
---------------+-------+-----
Unarmed Combat | 4 |  4.9
Fighting       | |  1.2
Dodging        | |  2.1
Spellcasting   | |  2.1
Transmutations | |  2.1

Action                   || total
-------------------------++-------
Melee: Unarmed           ||   105
       Punch             ||     1
 Stab: Sleeping          ||     1
  Eat: Chunk             ||     2
Armor: Robe              ||    34
Dodge: Dodged            ||    78
